 Dungeon Crawl Stone Soup version 0.24.1-14-gf8d2b509d9 (webtiles) character file.

Game seed: 3992181781989838070, levelgen mode: deterministic

444 KlarStein the Cudgeler (level 6, 0/48 HPs)
             Began as a Demonspawn Fighter on Dec 20, 2020.
             Slain by a phantom (3 damage)
             ... on level 4 of the Dungeon.
             The game lasted 00:10:13 (1489 turns).

KlarStein the Cudgeler (Demonspawn Fighter)         Turns: 1489, Time: 00:10:13

Health: 0/48       AC:  8    Str: 21    XL:     6   Next: 72%
Magic:  6/6        EV:  7    Int:  9    God:
Gold:   57         SH: 11    Dex: 15    Spells: 5/5 levels left

rFire    . . .     SeeInvis .   a - +1 flail
rCold    + . .     Gourm    .   c - +1 shield
rNeg     . . .     Faith    .   b - +0 scale mail
rPois    .         Spirit   .   (no helmet)
rElec    .         Reflect  .   (no cloak)
rCorr    .         Harm     .   k - +0 pair of gloves
MR       .....                  (no boots)
Stlth    ..........             (no amulet)
HPRegen  0.16/turn              (no ring)
MPRegen  0.10/turn              (no ring)

@: mighty
A: cold resistance 1, freezing cloud immunity
a: no special abilities


You were on level 4 of the Dungeon.
You were not hungry.

You visited 1 branch of the dungeon, and saw 3 of its levels.

You collected 57 gold pieces.

Inventory:

Hand Weapons
 a - a +1 flail (weapon)
Armour
 b - a +0 scale mail (worn)
 c - a +1 shield (worn)
 k - a +0 pair of gloves (worn)
Scrolls
 h - a scroll of identify
 n - a scroll of remove curse
Potions
 i - a potion of flight {unknown}
 p - a potion of mutation {unknown}
Comestibles
 f - a ration
 g - 5 chunks of flesh


   Skills:
 + Level 4.3 Fighting
 * Level 4.3 Maces & Flails
 + Level 3.9 Armour
 + Level 3.9 Shields


You had 5 spell levels left.
You didn't know any spells.
Your spell library was empty.

Dungeon Overview and Level Annotations

Branches:
Dungeon (2/15)

Altars:


Innate Abilities, Weirdness & Mutations

Your flesh is cold resistant. (rC+)
You are immune to freezing clouds.


Message History

Aiming: Random Effects
Press: ? - help, Shift-Dir - straight line The puff of flame hits something.
You block something's attack.
Aiming: Random Effects
Press: ? - help, Shift-Dir - straight line Nothing appears to happen.
There is an open door here.
Aiming: Random Effects
Press: ? - help, Shift-Dir - straight line Nothing appears to happen.
Aiming: Random Effects
Press: ? - help, Shift-Dir - straight line Nothing appears to happen.
The now-empty wand crumbles to dust.
You block something's attack.
You closely miss something. You barely miss something.
You closely miss something. Something hits you but does no damage.
You sock something! Something hits you but does no damage. Something hits you.
You die...

#...# #...+ #...# #####
#...# . ##...###...# ..
##.....##...# ######...
#.....[.#†..####.†...o..
#..)...@'...##.÷Wo..#...
#...)..)#...##.....## ..
##.....##...#......# .
##...###........###
##### ##########


There were no monsters in sight!

Vanquished Creatures
  Sigmund (D:2)
  A black bear (D:4)
  An orc wizard (D:4)
  An iguana (D:4)
  2 worker ants (D:4)
  A gnoll (D:4)
  3 adders
  An ooze (D:2)
  A worm (D:4)
  2 dart slugs (D:1)
  3 orcs (D:4)
  2 giant cockroaches (D:1)
  6 goblins
  3 hobgoblins
  A jackal (D:4)
  6 bats
  3 frilled lizards
  2 kobolds
  A leopard gecko skeleton (D:4)
  8 rats
49 creatures vanquished.

Notes
Turn   | Place    | Note
-------+----------+-------------------------------------------
     0 | D:1      | KlarStein the Demonspawn Fighter began the quest for the
                  | Orb.
     0 | D:1      | Reached XP level 1. HP: 18/18 MP: 1/1
   107 | D:1      | Gained mutation: Your flesh is cold resistant. (rC+)
                  | [demonic ancestry]
   107 | D:1      | Reached XP level 2. HP: 24/24 MP: 2/2
   667 | D:2      | Reached XP level 3. HP: 29/29 MP: 3/3
   796 | D:2      | Noticed Sigmund
   833 | D:2      | Killed Sigmund
   833 | D:2      | Gained mutation: You are immune to freezing clouds.
                  | [demonic ancestry]
   833 | D:2      | Reached XP level 4. HP: 37/37 MP: 4/4
   833 | D:2      | Reached XP level 5. HP: 42/42 MP: 5/5
  1097 | D:2      | You fall into a shaft and drop 2 floors!
  1101 | D:4      | Noticed a phantom
  1121 | D:4      | Noticed an ogre
  1341 | D:4      | Reached XP level 6. HP: 45/48 MP: 6/6
  1479 | D:4      | HP: 1/48 [something (4)]
  1489 | D:4      | Slain by a phantom

Levels and vault maps discovered:
D:1:      giann_bridges, layout_loops_ring
D:2:      minmay_chambers_of_ones, layout_loops_cross, uniq_sigmund
D:4:      minmay_opposing_rooms, layout_cave_pools, temple_statues

Skill      XL: |  1  2  3  4  5  6 |
---------------+-------------------+-----
Maces & Flails | 2 3 4 |  4.3
Shields        | 3 |  3.9
Armour         | 3 |  3.9
Fighting       | 4 |  4.3

Action                   |  1- 3 |  4- 6 || total
-------------------------+-------+-------++-------
Melee: Flail             |    69 |    93 ||   162
Evoke: Wand              |     4 |    14 ||    18
  Use: Scroll            |     6 |     4 ||    10
       Potion            |       |     4 ||     4
  Eat: Chunk             |       |     2 ||     2
Armor: Scale mail        |    30 |    49 ||    79
Dodge: Dodged            |    19 |    25 ||    44
Block: Shield            |    23 |    48 ||    71
